 Dungeon Crawl Stone Soup version 0.31.0-11-ge490571c62 (webtiles) character file.

Game seed: 17457718190966326655

9 browni3141 the Conjurer (level 2, 19/19 HPs)
             Began as a Demonspawn Conjurer on Jan 30, 2024.
             Got out of the dungeon alive.
             The game lasted 00:00:20 (836 turns).

browni3141 the Conjurer (Demonspawn Conjurer)        Turns: 836, Time: 00:00:21

Health: 19/19      AC:  2    Str:  7    XL:     2   Next: 3%
Magic:  5/5        EV: 12    Int: 18    God:
Gold:   69         SH:  0    Dex: 11    Spells: 4/5 levels left

rFire   . . .        (no weapon)
rCold   . . .        (no shield)
rNeg    . . .        a - +0 robe
rPois   .            (no helmet)
rElec   .            (no cloak)
rCorr   .            (no gloves)
SInv    .            (no boots)
Will    .....        (no amulet)
Stlth   ++           (no ring)
HPRegen 0.23/turn    (no ring)
MPRegen 0.09/turn

%: no passive effects
@: no status effects
A: spiny 1
a: no special abilities


You escaped.
You visited 1 branch of the dungeon, and saw 1 of its levels.

You collected 69 gold pieces.

Inventory:

Armour
 a - a +0 robe (worn)
Scrolls
 c - a scroll of revelation {unknown}
 f - a scroll of teleportation {unknown}
Potions
 b - a potion of magic
 d - a potion of curing {unknown}
 e - a potion of lignification {unknown}
 g - a potion of degeneration {unknown}
 h - a potion of mutation {unknown}


   Skills:
 + Level 2.0 Dodging
 + Level 2.0 Stealth
 + Level 2.1 Spellcasting
 + Level 4.1 Conjurations


You had 4 spell levels left.
You knew the following spells:

 Your Spells              Type           Power      Damage    Failure   Level
a - Magic Dart            Conj           64%        1d6       3%          1

Your spell library contained the following spells:

 Spells                   Type           Power      Damage    Failure   Level
 Searing Ray              Conj           32%        2d5       4%          2
 Tukima's Dance           Hex            1%         N/A       47%         3
 Fulminant Prism          Conj/Alch      4%         3d5       58%         4
 Iskenderun's Mystic Bla  Conj/Tloc      9%         2d4       58%         4
 Dimensional Bullseye     Hex/Tloc       0%         N/A       87%         4


Dungeon Overview and Level Annotations

Branches:
Dungeon (1/15)

Altars:


Innate Abilities, Weirdness & Mutations

You are partially covered in sharp spines.


Message History

You now have 19 gold pieces (gained 11).
You pick up a book of Weapons and begin reading...
You add the spells Tukima's Dance and Dimensional Bullseye to your library.
An endoplasm comes into view.
The magic dart hits the endoplasm.
You kill the endoplasm!
You can't see any susceptible monsters within range! (Use Z to cast anyway.)
You can't see any susceptible monsters within range! (Use Z to cast anyway.)
You now have 31 gold pieces (gained 12).
You see here a +0 short sword.
You open the door.
There is an open door here.
You open the door.
There is an open door here.
d - a purple potion
Found a stone staircase leading down.
You now have 44 gold pieces (gained 13).
You open the door.
There is an open door here.
As you open the door, it creaks loudly!
You can't see any susceptible monsters within range! (Use Z to cast anyway.)
You can't see any susceptible monsters within range! (Use Z to cast anyway.)
There is an open door here.
e - a red potion
There is an open door here.
There is an open door here.
As you open the door, it creaks loudly!
You open the door.
There is an open door here.
You see here a +2 cloak.
Found a stone staircase leading down.
A rat comes into view.
The magic dart hits the rat.
You kill the rat!
You can't see any susceptible monsters within range! (Use Z to cast anyway.)
You can't see any susceptible monsters within range! (Use Z to cast anyway.)
You now have 54 gold pieces (gained 10).
There is a stone staircase leading down here.
A goblin comes into view. It is wielding a +0 dagger.
The goblin shouts!
The goblin moves out of view.
A goblin is nearby!
A goblin is nearby!
The magic dart hits the goblin.
The goblin is moderately wounded.
The magic dart hits the goblin.
You kill the goblin!
A kobold comes into view. It is wielding a +0 short sword.
The magic dart hits the kobold.
The kobold is moderately wounded.
A kobold is nearby!
A kobold is nearby!
You are out of magic!
You are out of magic!
The kobold throws a stone.
The stone barely misses you.
The kobold throws a stone.
The stone barely misses you.
You enter a dispersal trap!
The kobold blinks! x3; You blink.
There is a stone staircase leading down here.
The magic dart hits the kobold.
You kill the kobold!
You are out of magic!
You are out of magic!
Things that are here:
a +0 dagger; a goblin corpse A quokka comes into view.
A quokka is nearby!
A quokka is nearby!
The magic dart hits the quokka but does no damage.
The magic dart hits the quokka.
The quokka is severely wounded.
The magic dart hits the quokka.
You kill the quokka!
Your Dodging skill increases to level 2!
Your Stealth skill increases to level 2!
You see here a quokka corpse.
f - a scroll labelled PAVONI COSHIO You now have 69 gold pieces (gained 15).
g - an orange potion
h - a ruby potion You open the door.
A kobold comes into view. It is wielding a +0 short sword.
There is an open door here.
A kobold is nearby!
The magic dart hits the kobold.
The kobold is severely wounded.
The kobold shouts!
The magic dart hits the kobold.
You kill the kobold!
You have reached level 2!
Your demonic ancestry asserts itself...
Sharp spines emerge from parts of your body.
You see here a quokka corpse.
Things that are here:
a +0 dagger; a goblin corpse
There is a stone staircase leading down here.
There is a large open door here.
There is a large open door here.
There is an open door here.
There is a staircase leading out of the dungeon here.
You have escaped!

#.##...~♣~...##.#~#.#.#..##'##...
#.8#.........#8.###.#.#..#...#...
#.##♣.......♣##.#≈≈.#...##.#.##..
#'##♣~.....~♣##'##≈.#.#.#.###.#..
8.8##♣##+##♣##8.8#≈.#.###.#.#.###
...###8#+#8###...#≈.#.##.##.##.#
...'.........'...#≈.#.##.#..##.##
...##8##.##8##...#≈...#.##...##.#
..8#~♣~#'#~♣~#8.@#≈...#.#.....#.#
#####♣##'##♣######≈.........#...#
≈≈≈≈≈≈≈.≈≈≈≈≈≈≈≈≈≈...........###
...........#######.............#
##########.# #.#............ #.#
#.#............ #.#
#.#............
#######.#######.#....####....
................#....# #....


There were no monsters in sight!

Vanquished Creatures
  An endoplasm (D:1)
  A giant cockroach (D:1)
  A goblin (D:1)
  2 kobolds (D:1)
  A quokka (D:1)
  A rat (D:1)
7 creatures vanquished.

Notes
Turn   | Place    | Note
-------+----------+-------------------------------------------
     0 | D:1      | browni3141 the Demonspawn Conjurer began the quest for the
                  | Orb.
     0 | D:1      | Reached XP level 1. HP: 13/13 MP: 3/3
   722 | D:1      | Gained mutation: You are partially covered in sharp spines.
                  | [demonic ancestry]
   722 | D:1      | Reached XP level 2. HP: 19/19 MP: 1/5
   836 | D:$      | Got out of the dungeon alive.

Illustrated notes

Levels and vault maps discovered:
D:1:      saegor_arrival_fortress, layout_basic, grunt_decor_clamped

Skill      XL: |  1 |
---------------+----+-----
Dodging        | 2 |  2.0
Stealth        | 2 |  2.0
Spellcasting   | |  2.1
Conjurations   | |  4.1

Action                     || total
---------------------------++-------
   Cast: Magic Dart        ||    13
  Dodge: Dodged            ||     2
